 Dungeon Crawl Stone Soup version 0.30.1 (webtiles) character file.

Game seed: 17367093695625472206

1474015 GeoRichter the Metallomancer (level 25, 238/238 HPs)
             Began as a Yellow Draconian Conjurer on July 6, 2023.
             Was the Champion of Vehumet.
             Escaped with the Orb
             ... and 3 runes!
             The game lasted 02:49:35 (88029 turns).

GeoRichter the Metallomancer (DrCj)                Turns: 88029, Time: 02:49:36

Health: 238/238    AC: 23    Str: 10    XL:     25   Next: 76%
Magic:  43/44      EV: 23    Int: 27    God:    Vehumet [******]
Gold:   3262       SH: 18    Dex: 23    Spells: 15/58 levels left

rFire   + + +        k - staff of earth
rCold   + + +        H - +2 shield of Resistance {rF++ rC++ Will++}
rNeg    + . .        (body armour unavailable)
rPois   .            N - +2 hat of Servitude {rElec Dex+5}
rElec   +            P - +2 cloak {Will+}
rCorr   +            Y - +1 pair of gloves of the Salmon {rN+}
SInv    +            J - +3 pair of mountain boots {steadfast, rC+}
Will    +++++        g - amulet of magic regeneration
Stlth   +            Z - ring of Tueh {rF+ Dex+3 SInv}
HPRegen 0.59/turn    X - ring "Novocrei" {Wiz Will+}
MPRegen 0.69/turn

%: wizardry (x1)
@: studying Ice Magic
A: spit acid, AC +12, unfitting armour, acidic bite, cold-blooded, acid
resistance, thin skeletal structure 1, electricity resistance, evolution 1, no
potion heal 1, MP-powered wands
0: Orb of Zot
}: 3/15 runes: barnacled, silver, gossamer
a: Breathe Acid, Renounce Religion


You escaped.
You worshipped Vehumet.
Vehumet was exalted by your worship.
You visited 10 branches of the dungeon, and saw 48 of its levels.
You visited the Abyss 1 time.
You also visited: Bailey, Gauntlet, Ice Cave and Desolation.

You collected 6299 gold pieces.
You spent 3037 gold pieces at shops.

Inventory:

Missiles
 Q - 7 throwing nets {!f}
Armour
 t - the +2 hat of Feasting {rN+}
   (You found it on level 4 of the Spider Nest)

   rN:        It protects you from negative energy.
 E - the +3 pair of gloves of Fashionability {Will- Str+7}
   (You bought it in a shop on level 9 of the Dungeon)

   Str:       It affects your strength (+7).
   Will:      It decreases your willpower.
 H - the +2 shield of Resistance (worn) {rF++ rC++ Will++}
   (You bought it in a shop on level 9 of the Dungeon)

   rF:        It greatly protects you from fire.
   rC:        It greatly protects you from cold.
   Will:      It greatly increases your willpower.
 J - the +3 pair of mountain boots (worn) {steadfast, rC+}
   (You found it on level 5 of the Vaults)

   Steadfast: It prevents involuntary movement, except for blinking,
   teleportation, or banishment.
   rC:        It protects you from cold.
 N - the +2 hat of Servitude (worn) {rElec Dex+5}
   (You found it on level 2 of the Lair of Beasts)

   Dex:       It affects your dexterity (+5).
   rElec:     It insulates you from electricity.
 P - a +2 cloak of willpower (worn)
   (You bought it in a shop on level 6 of the Dungeon)
 W - the +5 Storm Queen's Shield {shock, Fly rElec}
   (You found it in a Gauntlet)

   Shock:     When it blocks an attack, it may electrocute the attacker.
   This works even against foes who are a short distance away.
   rElec:     It insulates you from electricity.
   Fly:       It grants you flight.
 Y - the +1 pair of gloves of the Salmon (worn) {rN+}
   (You found it in a Gauntlet)

   rN:        It protects you from negative energy.
Magical Staves
 k - a staff of earth (weapon)
   (You found it on level 3 of the Elven Halls)
 D - the staff of cold "Batrinn" {rC+ rN+ Int+2}
   (You found it on level 1 of the Realm of Zot)

   [staff of cold]

   Base accuracy: +5 Base damage: 5 Base attack delay: 1.2 This weapon's minimum
   attack delay (0.6) is reached at skill level 12.
   Int:       It affects your intelligence (+2).
   rC:        It protects you from cold.
   rN:        It protects you from negative energy.
   It falls into the 'Staves' category.
   It is a one-handed weapon.
Jewellery
 g - an amulet of magic regeneration (around neck)
   (You took it off a merfolk aquamancer on level 4 of the Shoals)
 A - a ring of poison resistance
   (You took it off a deep elf zephyrmancer on level 1 of the Elven Halls)
 X - the ring "Novocrei" (right hand) {Wiz Will+}
   (You found it in a Gauntlet)

   [ring of wizardry]

   It improves your spell success rate.
   Will:      It increases your willpower.
 Z - the ring of Tueh (left hand) {rF+ Dex+3 SInv}
   (You took it off a deep elf pyromancer on level 3 of the Elven Halls)

   [ring of protection from fire]

   Dex:       It affects your dexterity (+3).
   rF:        It protects you from fire.
   SInv:      It lets you see invisible.
Wands
 a - a wand of quicksilver (31)
   (You found it on level 2 of the Spider Nest)
 q - a wand of charming (49)
   (You found it on level 3 of the Dungeon)
 w - a wand of digging (26)
   (You found it on level 3 of the Lair of Beasts)
 C - a wand of polymorph (19)
   (You took it off a deep elf pyromancer on level 3 of the Elven Halls)
 I - a wand of flame (117)
   (You found it on level 1 of the Lair of Beasts)
 M - a wand of iceblast (32)
   (You found it in a Gauntlet)
Scrolls
 b - 4 scrolls of enchant armour
 c - 2 scrolls of blinking
 d - 5 scrolls of torment {!r}
 e - 14 scrolls of teleportation {@r4}
 f - 4 scrolls of vulnerability {!r}
 h - 8 scrolls of noise {!r}
 i - 4 scrolls of enchant weapon
 p - 4 scrolls of fear
 r - 7 scrolls of immolation {!r}
 s - 9 scrolls of poison {!r}
 v - 9 scrolls of fog
 y - 7 scrolls of amnesia
 S - 4 scrolls of silence
 U - 2 scrolls of summoning
Potions
 j - 6 potions of haste {@q3}
 l - 3 potions of heal wounds {@q2}
 m - 9 potions of brilliance
 n - 11 potions of curing {@q1}
 o - 7 potions of mutation {!q}
 x - 9 potions of attraction {!q}
 z - a potion of resistance
 B - 8 potions of flight
 F - 6 potions of lignification {!q}
 G - 14 potions of ambrosia
 K - 2 potions of berserk rage
 L - 4 potions of cancellation
 O - 3 potions of invisibility
 V - 4 potions of might
Miscellaneous
 R - a phantom mirror
   (You found it on level 2 of the Vaults)
 T - a box of beasts
   (You found it in a Gauntlet)


   Skills:
 * Level 22.1 Fighting
 - Level 12.0 Staves
 + Level 14.6 Dodging
 - Level 1.7 Stealth
 - Level 17.0 Shields
 - Level 17.0 Spellcasting
 - Level 15.8 Conjurations
 - Level 4.0 Hexes
 - Level 6.0 Summonings
 - Level 3.0 Translocations
 + Level 25.0 Earth Magic
 - Level 8.0 Evocations


You had 15 spell levels left.
You knew the following spells:

 Your Spells              Type           Power      Damage    Failure   Level
a - Iron Shot             Conj/Erth      58%        9d11      1%          6
b - Searing Ray           Conj           100%       2d8       0%          2
c - Iskenderun's Mystic   Conj/Tloc      65%        2d13      1%          4
d - Fulminant Prism       Conj/Hex       33%        3d15      1%          4
e - Stone Arrow           Conj/Erth      100%       3d13      0%          3
f - Lehudib's Crystal Sp  Conj/Erth      58%        10d13     1%          8
g - Spellforged Servitor  Conj/Summ      34%        N/A       4%          7
h - Shatter               Erth           63%        3d47*     1%          9

Your spell library contained the following spells:

 Spells                   Type           Power      Damage    Failure   Level
 Polar Vortex             Ice            11%        N/A       100%        9
 Magic Dart               Conj           100%       1d8       0%          1
 Sandblast                Erth           100%       2d20      0%          1
 Lee's Rapid Deconstruct  Erth           63%        3d29*     0%          5
 Foxfire                  Conj/Fire      100%       2x1d9     1%          1
 Kiss of Death            Conj/Necr      100%       2d13      1%          1
 Necrotise                Necr           88%        1d8       1%          1
 Sting                    Tmut/Pois      88%        1d7       1%          1
 Summon Small Mammal      Summ           100%       N/A       1%          1
 Blink                    Tloc           78%        N/A       1%          2
 Ensorcelled Hibernation  Hex/Ice        66%        N/A       1%          2
 Lesser Beckoning         Tloc           78%        N/A       1%          2
 Momentum Strike          Conj/Tloc      100%       3d10      1%          2
 Passwall                 Tmut/Erth      78%        N/A       1%          2
 Scorch                   Fire           44%        2d7       1%          2
 Static Discharge         Conj/Air       100%       2-7/arc   1%          2
 Call Canine Familiar     Summ           53%        N/A       1%          3
 Dazzling Flash           Conj/Hex       100%       N/A       1%          3
 Frozen Ramparts          Ice            44%        1d7       1%          3
 Gell's Gravitas          Tloc           39%        N/A       1%          3
 Hailstorm                Conj/Ice       60%        3d13      1%          3
 Ignite Poison            Fire/Tmut/Pois 22%        N/A       1%          3
 Inner Flame              Hex/Fire       33%        N/A       1%          3
 Portal Projectile        Hex/Tloc       82%        N/A       1%          3
 Summon Guardian Golem    Hex/Summ       49%        N/A       1%          3
 Teleport Other           Tloc           39%        N/A       1%          3
 Tukima's Dance           Hex            44%        N/A       1%          3
 Volatile Blastmotes      Fire/Tloc      62%        2d15      1%          3
 Flame Wave               Conj/Fire      60%        2d14      1%          4
 Petrify                  Tmut/Erth      94%        N/A       1%          4
 Sticky Flame             Conj/Fire      60%        2d8       1%          4
 Arcjolt                  Conj/Air       30%        1d40      1%          5
 Borgnjor's Vile Clutch   Necr/Erth      47%        N/A       1%          5
 Fireball                 Conj/Fire      30%        3d13      1%          5
 Freezing Cloud           Conj/Ice/Air   25%        6-21      1%          5
 Statue Form              Tmut/Erth      62%        N/A       1%          6
 Cigotuvi's Dreadful Rot  Necr/Pois/Air  44%        N/A       2%          2
 Sublimation of Blood     Necr           22%        N/A       2%          2
 Wereblood                Tmut           22%        N/A       2%          2
 Vhi's Electric Charge    Tloc/Air       62%        N/A       2%          3
 Cause Fear               Hex            22%        N/A       3%          4
 Conjure Ball Lightning   Conj/Air       30%        3x3d10    3%          6
 Starburst                Conj/Fire      30%        6d9       3%          6
 Ozocubu's Armour         Ice            22%        N/A       4%          3
 Spider Form              Tmut/Pois      22%        N/A       4%          3
 Swiftness                Air            22%        N/A       4%          3
 Vampiric Draining        Necr           22%        2d7       4%          3
 Airstrike                Air            11%        2d(2-18)  4%          4
 Manifold Assault         Tloc           39%        N/A       4%          4
 Summon Ice Beast         Ice/Summ       39%        N/A       4%          4
 Summon Lightning Spire   Summ/Air       39%        N/A       4%          4
 Yara's Violent Unravell  Hex/Tmut       16%        3d8       5%          5
 Summon Mana Viper        Hex/Summ       49%        N/A       6%          5
 Anguish                  Hex/Necr       16%        N/A       7%          4
 Animate Dead             Necr           22%        N/A       16%         4
 Ice Form                 Ice/Tmut       22%        N/A       16%         4
 Metabolic Englaciation   Hex/Ice        16%        N/A       19%         5
 Summon Cactus Giant      Summ           26%        N/A       21%         6
 Agony                    Necr           22%        N/A       38%         5
 Blade Hands              Tmut           11%        N/A       38%         5
 Eringya's Noxious Bog    Tmut/Pois      11%        N/A       47%         6
 Plasma Beam              Fire/Air       11%        2x1d24    47%         6
 Dispersal                Tloc           19%        N/A       52%         6
 Summon Hydra             Summ           26%        N/A       69%         7
 Death Channel            Necr           11%        N/A       90%         6
 Simulacrum               Ice/Necr       11%        N/A       90%         6
 Enfeeble                 Hex            22%        N/A       91%         7
 Ozocubu's Refrigeration  Ice            11%        4d9       92%         7
 Haunt                    Necr/Summ      19%        N/A       97%         7
 Storm Form               Tmut/Air       11%        N/A       100%        7
 Discord                  Hex            22%        N/A       100%        8
 Disjunction              Tloc           19%        N/A       100%        8
 Ignition                 Fire           11%        3d5       100%        8
 Infestation              Necr           11%        N/A       100%        8
 Maxwell's Capacitive Co  Air            11%        ∞         100%        8
 Chain Lightning          Conj/Air       30%        3d40      100%        9
 Fire Storm               Conj/Fire      30%        8d8       100%        9
 Animate Armour           Summ/Erth      Unusable   N/A       N/A         4

Dungeon Overview and Level Annotations

Branches:
Dungeon (15/15)            Temple (1/1) D:4            Lair (5/5) D:10
 Shoals (4/4) Lair:3       Spider (4/4) Lair:2        Slime (0/5) Lair:5
    Orc (2/2) D:11            Elf (3/3) Orc:2        Vaults (5/5) D:13
  Crypt (0/3) Vaults:3     Depths (4/4) D:15            Zot (5/5) Depths:4
 Bailey (visited)           IceCv (visited)         Desolation (visited)
Gauntlet (visited)

Altars:
Ashenzari
Cheibriados
Dithmenos
Elyvilon
Fedhas
Gozag
Hepliaklqana
Kikubaaqudgha
Makhleb
Nemelex Xobeh
Okawaru
Qazlal
Ru
Sif Muna
Trog
Uskayaw
Vehumet
Wu Jian
Xom
Yredelemnul
Zin
The Shining One

Shops:
D:2 :   D:6 [   D:9 [   D:10 [   Orc:2 (!=(!*[=[   Elf:1 ?   Elf:2 *
Elf:3 =:=?   Shoals:3 (   Shoals:4 !*:   Vaults:2 (   Vaults:3 =?=*
Vaults:4 (

Portals:
Hell: Depths:1 Depths:2 Depths:3 Depths:4
Abyss: Depths:3
Pandemonium: Depths:2
Ziggurat: Depths:1

Annotations:
D:7 2 transporters, kij's ghost, novice MiBe
D:9 2 transporters, ripuliukko's ghost, novice DEEE
Lair:2 exclusion: oklob plant
Shoals:3 1 runed translucent door, keni's ghost, journeyman DgFE
Vaults:3 2 transporters
Zot:1 2 transporters, Calamarain's ghost, veteran GrMo
Zot:3 1 transporter, Sebriys's ghost, legendary TrBe


Innate Abilities, Weirdness & Mutations

You can spit globs of acid.
Your golden yellow scales are hard. (AC +12)
You cannot fit into any form of body armour.
You have acidic saliva.
You are cold-blooded and may be slowed by cold attacks.
You are resistant to acid. (rCorr)
You have a somewhat thin skeletal structure. (Dex +2, Stealth+)
You are resistant to electric shocks. (rElec)
You have hidden genetic potential.
Potions are less effective at restoring your health.
You expend magic power (3 MP) to strengthen your wands.


Message History

There is an open door here.
There is a stone staircase leading up here.
You climb upwards.
There is a stone staircase leading down here.
There is a stone staircase leading up here.
You climb upwards.
There is a stone staircase leading down here.
A cacodemon and 3 sixfirhies come into view.
Casting: Iron Shot (safe; 1% risk of failure)
Confirm with . or Enter, or press ? or * to list all spells.
You feel a surge of power!
The dungeon rumbles!
You kill the sixfirhy!
Vehumet accepts your kill.
You feel your power returning.
You kill the sixfirhy!
Vehumet accepts your kill.
You feel your power returning.
You kill the sixfirhy!
Vehumet accepts your kill.
You feel your power returning.
Ka-crash!
Your Earth Magic skill increases to level 25!
Casting: Shatter (dangerous; 1% risk of failure)
Confirm with . or Enter, or press ? or * to list all spells.
You feel a surge of power!
The dungeon rumbles!
The cacodemon is moderately wounded.
Ka-crash!
The cacodemon gestures at you. The bolt of energy hits you!
Casting: Shatter (dangerous; 1% risk of failure)
Confirm with . or Enter, or press ? or * to list all spells.
You feel a surge of power!
The dungeon rumbles!
The cacodemon is heavily wounded.
Ka-crash!
You feel a surge of power!
The iron shot hits the cacodemon!!!
You kill the cacodemon!
Vehumet accepts your kill.
You feel your power returning.
(D) Dungeon (T) Temple (L) Lair (A) Shoals (N) Spider Nest (M) Slime Pits (O) Orcish Mines (E) Elven Halls (V) Vaults (C) Crypt (U) Depths (H) Hell (Z) Zot
Where to? (Enter - D:1 @ (x,y), ? - help)
You see here a +0 dagger.
HP restored.
There is a staircase leading out of the dungeon here.
You have escaped!

##.# #.##############.....# ##.#
#....(.......#.......## ##.#
###≈≈≈≈≈≈≈####.#......) .#.######
#≈≈≈≈≈≈≈≈≈≈##.#.....## .#......#
#≈≈≈≈.≈≈≈≈≈##.#.....## .######.#
#≈≈≈~...≈≈≈##.######## .#
####.####≈≈~≈≈...≈≈##.# #
.###(......#.........≈##.#
.....#...###....@..≈≈≈#..#
.......#............≈≈#..#
.....#...#..........###..#
...#.##.########.####.#..#
#..#.##.# #.# #.#..# # ..##.##.#
#.# #.#..######## .....##.# #.#
#.#.......... #######.#
####.####.##.########
#######.#####....................


There were no monsters in sight!

Vanquished Creatures
  A pandemonium lord (Depths:4)
  6 ancient liches
  2 orbs of fire
  A juggernaut (Depths:4)
  Josephina (Zot:1)
  Sojobo (Vaults:3)
  Saint Roka (Vaults:1)
  4 Killer Klowns
  Bai Suzhen (Vaults:4)
  5 curse toes (Zot:1)
  3 golden dragons
  4 electric golems
  Rupert (Lair:5)
  An Ice Fiend (D:11)
  13 tentacled monstrosities
  Jorgrun (D:13)
  21 Orb Guardians
  Asterion (Depths:1)
  3 quicksilver dragons
  3 titans
  9 liches
  A deep elf blademaster (Elf:2)
  An Executioner (D:14)
  10 sphinxes
  6 death cobs
  8 tengu reavers
  Gastronok (D:10)
  7 shadow dragons
  6 storm dragons
  A draconian monk (Zot:4)
  Donald (Orc:2)
  A demonspawn warmonger (Depths:4)
  8 fire giants
  An iron dragon (Vaults:5)
  7 frost giants
  An imperial myrmidon (Desolation)
  A balrug (Depths:3)
  2 draconian knights
  14 vault wardens
  6 deep elf sorcerers
  Louise (Spider:2)
  6 emperor scorpions
  5 draconian shifters
  A cacodemon (D:1)
  2 orc warlords
  2 deep elf elementalists
  7 ghost moths
  2 reapers (Depths:1)
  A spriggan defender (Depths:2)
  6 draconian annihilators
  A demonspawn corrupter (Depths:4)
  10 draconian stormcallers
  27 very ugly things
  15 ironbound preservers
  10 stone giants
  2 war gargoyles (Vaults:5)
  3 broodmothers
  2 ironbound thunderhulks
  4 vampire knights
  5 deep elf annihilators (Elf:3)
  8 green draconians
  2 deep elf demonologists
  6 white draconians
  10 yellow draconians
  8 red draconians
  A halazid warlock (Desolation)
  7 black draconians
  10 purple draconians
  A minotaur (Gauntlet)
  12 spark wasps
  2 deep elf death magi (Elf:3)
  A crystal guardian (Desolation)
  6 merfolk impalers
  11 dire elephants
  14 ettins
  4 merfolk javelineers
  7 fire dragons
  3 jiangshi (Depths:3)
  An entropy weaver (shapeshifter) (Elf:3)
  13 yaktaur captains
  6 great orbs of eyes
  34 vault guards
  8 entropy weavers
  6 deep elf high priests
  5 ragged hierophants (Desolation)
  8 servants of whispers (Desolation)
  2 caustic shrike simulacra (IceCv)
  2 spriggan air magi (Depths:3)
  An ogre mage (Vaults:5)
  4 hydras
  2 jorogumos
  4 catoblepae
  4 rakshasas
  2 peacekeepers
  5 ice dragons
  3 merfolk avatars (Shoals:4)
  An anaconda (shapeshifter) (Depths:3)
  6 boulder beetles
  3 satyrs
  14 centaur warriors
  4 two-headed ogres
  A death knight (D:13)
  7 ironbound frosthearts
  2 radroaches (Spider:2)
  4 merfolk aquamancers
  2 vampire magi
  2 alligator snapping turtles
  22 dancing weapons
  6 deep troll earth magi
  5 deep troll shamans
  3 orc high priests (Orc:2)
  7 spriggan berserkers
  6 tengu warriors
  3 death yaks (Lair:2)
  Nergalle (Lair:3)
  A soul eater (Depths:1)
  2 sun demons (Depths:3)
  10 hell knights
  11 deep elf knights
  7 skysharks
  5 pharaoh ants
  3 sixfirhies (D:1)
  2 glowing orange brains
  6 iron trolls
  2 sun moths (Spider:3)
  2 bog bodies (IceCv)
  A goliath frog (Lair:5)
  A flayed ghost (Depths:2)
  5 sea snakes
  16 ironbound convokers
  4 deep elf archers
  10 orb spiders
  A shadow demon (Depths:4)
  2 large abominations (D:14)
  37 deep trolls
  An obsidian statue (IceCv)
  28 harpies
  7 necromancers
  4 lindwurms
  5 phantasmal warriors
  13 wizards
  10 orc knights
  5 steelbarb worms
  A stone giant zombie (Vaults:1)
  2 shining eyes (Depths:1)
  7 orc sorcerers
  6 manticores
  13 fauns
  19 deep elf pyromancers
  20 deep elf zephyrmancers
  39 ugly things
  14 wolf spiders
  A manticore (shapeshifter) (Depths:4)
  4 cyclopes
  6 merfolk sirens
  A faun (shapeshifter) (Vaults:5)
  20 moths of wrath
  16 elephants
  A guardian serpent (shapeshifter) (D:15)
  4 water nymphs
  A molten gargoyle (Desolation)
  6 guardian serpents (Desolation)
  12 vault sentinels
  11 apocalypse crabs
  5 black mambas
  A fire giant skeleton (Vaults:1)
  2 orange demons
  3 gargoyles
  An eye of devastation (Depths:1)
  18 cane toads
  8 demonic crawlers
  4 torpor snails
  A smoke demon (Depths:3)
  2 kobold demonologists
  An unseen horror (D:11)
  An efreet (Abyss:2)
  3 rime drakes
  3 ice devils (IceCv)
  3 tengu conjurers
  3 anaconda simulacra (IceCv)
  19 freezing wraiths
  21 yaktaurs
  A golden dragon simulacrum (IceCv)
  2 queen bees
  11 komodo dragons
  A human skeleton (Vaults:3)
  6 meliai
  An elf skeleton (Vaults:3)
  12 merfolk
  10 trolls
  Grinder (D:4)
  3 nameless horrors
  18 tarantellas
  2 tyrant leeches (Lair:5)
  A hellwing (D:8)
  A tarantella (shapeshifter) (D:13)
  27 blink frogs
  7 snapping turtles
  44 saltlings (Desolation)
  8 hornets
  A raiju (Gauntlet)
  2 wind drakes (Shoals:3)
  13 slime creatures
  27 jumping spiders
  2 air elementals
  8 spriggans
  24 culicivoras
  2 dire elephant simulacra (IceCv)
  2 wraiths (D:12)
  Eustachio (D:6)
  47 yaks
  7 humans (D:13)
  13 water elementals
  3 basilisks
  7 wyverns
  3 steam dragons
  2 fire bats
  4 fire elementals
  A chaos spawn (Depths:2)
  2 minotaur simulacra (IceCv)
  41 redbacks
  A warg (shapeshifter) (Vaults:5)
  14 vampire mosquitoes
  4 harpy simulacra (IceCv)
  A warg (D:11)
  Duvessa (D:4)
  A hydra simulacrum (IceCv)
  11 water moccasins
  2 floating eyes
  A black bear (D:6)
  33 orc warriors
  2 alligator simulacra (IceCv)
  2 ettin simulacra (IceCv)
  2 elephant zombies (Lair:3)
  15 ogres
  2 sky beasts (D:6)
  An ice beast (D:5)
  4 boggarts (Vaults:2)
  11 wolves
  6 centaurs
  3 phantoms
  A komodo dragon zombie (Lair:3)
  A kobold brigand (D:8)
  15 bullfrogs
  An ogre simulacrum (Vaults:3)
  3 earth elementals (Elf:1)
  A deep troll simulacrum (IceCv)
  5 scorpions
  7 wights
  Dowan (D:4)
  3 lindwurm simulacra (IceCv)
  26 killer bees
  7 electric eels
  A basilisk zombie (Lair:3)
  A human simulacrum (Vaults:1)
  4 hounds
  15 jellies
  2 gnoll boudas
  22 orc priests
  2 sleepcaps
  Natasha (thrice) (D:2)
  2 iguanas
  30 orc wizards
  Robin (D:2)
  15 gnolls
  7 adders
  5 white imps
  An ufetubus (D:5)
  2 worms
  2 dart slugs
  105 orcs
  11 bats
  6 endoplasms
  7 giant cockroaches
  17 goblins
  16 hobgoblins
  5 quokkas
  4 ball pythons
  4 frilled lizards
  A goblin (shapeshifter) (Depths:1)
  16 kobolds
  5 rats
  5 tentacles (Shoals:1)
1977 creatures vanquished.

Vanquished Creatures (collateral kills)
  A pandemonium lord (Zot:5)
  2 dread liches (Zot:5)
  An orb of fire (Zot:5)
  A Killer Klown (Zot:5)
  Xtahua (Vaults:2)
  A caustic shrike (Depths:2)
  2 golden dragons
  A tentacled monstrosity (Zot:1)
  A deep elf blademaster (Elf:3)
  5 Orb Guardians (Zot:5)
  3 deep elf master archers (Elf:3)
  A quicksilver dragon (Depths:3)
  2 sphinxes (Vaults:2)
  A shadow dragon (Zot:5)
  A tengu reaver (Vaults:3)
  A storm dragon (Zot:1)
  5 deep elf sorcerers (Elf:3)
  3 vault wardens
  2 emperor scorpions (Spider:4)
  A deep elf elementalist (Elf:3)
  An ironbound preserver (Vaults:1)
  A draconian annihilator (Zot:2)
  4 very ugly things (Vaults:2)
  A black draconian (Zot:3)
  An ironbound thunderhulk (Vaults:2)
  2 deep elf demonologists (Elf:3)
  2 deep elf annihilators (Elf:3)
  6 dire elephants
  A purple draconian (Zot:2)
  A halazid warlock (Desolation)
  A crystal guardian (Desolation)
  A deep elf death mage (Elf:3)
  An ettin (Depths:3)
  A fire dragon (Depths:3)
  A merfolk impaler (Shoals:1)
  3 yaktaur captains
  A great orb of eyes (Vaults:2)
  2 servants of whispers (Desolation)
  A ragged hierophant (Desolation)
  3 peacekeepers (Desolation)
  3 ironbound frosthearts
  7 centaur warriors
  A spriggan (Depths:2)
  4 deep trolls (Vaults:1)
  A quicksilver dragon simulacrum (Zot:1)
  6 ironbound convokers
  A lindwurm (Vaults:1)
  2 orb spiders (Spider:4)
  2 deep elf archers (Elf:3)
  3 necromancers
  A phantasmal warrior (Vaults:3)
  4 steelbarb worms (Spider:4)
  An orc sorcerer (Vaults:1)
  4 deep elf pyromancers (Elf:3)
  A deep elf zephyrmancer (Elf:3)
  2 wolf spiders (Spider:4)
  A tengu skeleton (Vaults:1)
  3 ugly things
  An elephant (Lair:1)
  2 vault sentinels
  A guardian serpent (Desolation)
  A human zombie (Vaults:1)
  A tengu conjurer (Depths:2)
  A freezing wraith (IceCv)
  5 yaktaurs (Vaults:1)
  A shadow dragon simulacrum (Zot:1)
  A hornet (Depths:2)
  12 saltlings (Desolation)
  2 tarantellas (Spider:4)
  A blink frog (Lair:5)
  2 jumping spiders (Spider:4)
  2 slime creatures
  A fire elemental (Elf:3)
  A yak (D:8)
  9 redbacks (Spider:4)
  A moth of wrath simulacrum (Zot:1)
  An alligator simulacrum (IceCv)
  4 orc warriors (Vaults:1)
  A boggart (Vaults:2)
  An orc (Vaults:1)
170 creatures vanquished.

Vanquished Creatures (others)
  A fire giant (Depths:4)
  A deep elf elementalist (Elf:1)
  A deep elf zephyrmancer (Elf:2)
  A steelbarb worm (Spider:2)
  A deep elf pyromancer (Elf:1)
  An elephant (Lair:1)
  A freezing wraith (IceCv)
  A golden dragon simulacrum (Zot:1)
  A redback (shapeshifter) (Elf:2)
  2 orc wizards
  An endoplasm (Lair:5)
  58 fulminant prisms
  25 tentacles (Shoals:1)
95 creatures vanquished.

Grand Total: 2242 creatures vanquished

Notes
Turn   | Place    | Note
-------+----------+-------------------------------------------
     0 | D:1      | GeoRichter the Draconian Conjurer began the quest for the
                  | Orb.
     0 | D:1      | Reached XP level 1. HP: 14/14 MP: 3/3
   192 | D:1      | Reached XP level 2. HP: 20/20 MP: 5/5
  1042 | D:1      | Reached XP level 3. HP: 26/26 MP: 6/6
  1144 | D:1      | Learned a level 2 spell: Searing Ray
  1230 | D:2      | Noticed Robin
  1469 | D:2      | Reached skill level 5 in Conjurations
  1581 | D:2      | Found Icygoaho's Book Shoppe.
  1728 | D:2      | Killed Robin
  1729 | D:2      | Reached XP level 4. HP: 32/33 MP: 5/8
  1971 | D:2      | Noticed Natasha
  1978 | D:2      | Killed Natasha
  2059 | D:2      | Noticed Natasha
  2076 | D:2      | Killed Natasha
  2130 | D:2      | Noticed Natasha
  2134 | D:2      | Killed Natasha
  2135 | D:2      | Reached XP level 5. HP: 38/38 MP: 9/9
  2945 | D:3      | Reached XP level 6. HP: 45/45 MP: 11/11
  3142 | D:3      | You fall into a shaft and drop 2 floors!
  3142 | D:5      | Entered Level 5 of the Dungeon
  3148 | D:5      | Noticed an ice beast
  3167 | D:5      | Killed an ice beast
  3381 | D:5      | Reached skill level 1 in Translocations
  3440 | D:5      | Your scales start taking on a golden yellow colour.
  3440 | D:5      | Reached XP level 7. HP: 50/50 MP: 13/13
  3440 | D:5      | Gained mutation: You are resistant to acid. (rCorr) [Yellow
                  | Draconian growth]
  3489 | D:4      | Found a glowing golden altar of the Shining One.
  3575 | D:4      | Noticed Dowan
  3600 | D:4      | Killed Dowan
  3606 | D:4      | Learned a level 4 spell: Iskenderun's Mystic Blast
  3847 | D:4      | Noticed Grinder
  3862 | D:4      | Killed Grinder
  4038 | D:4      | Reached XP level 8. HP: 57/57 MP: 14/14
  4300 | D:4      | Found a staircase to the Ecumenical Temple.
  4361 | Temple   | Entered the Ecumenical Temple
  4466 | Temple   | Became a worshipper of Vehumet
  4827 | D:4      | Noticed Duvessa
  4843 | D:4      | HP: 1/85 [Duvessa/+0 rapier (11)]
  4845 | D:4      | Killed Duvessa
  5067 | D:4      | Found an opulent altar of Gozag.
  5535 | D:5      | Reached skill level 10 in Conjurations
  6209 | D:3      | Learned a level 4 spell: Fulminant Prism
  6341 | D:5      | Found a hazy altar of Hepliaklqana.
  6342 | D:5      | Found a shadowy altar of Dithmenos.
  6353 | D:5      | Found an ancient bone altar of Kikubaaqudgha.
  6358 | D:5      | Found a shimmering altar of Xom.
  6479 | D:5      | Found a runed translucent door.
  6548 | D:5      | Reached skill level 1 in Hexes
  6962 | D:5      | Reached * piety under Vehumet
  6962 | D:5      | Offered knowledge of Kiss of Death by Vehumet.
  7506 | D:6      | Reached XP level 9. HP: 62/62 MP: 15/15
  7590 | D:6      | Offered knowledge of Scorch by Vehumet.
  7699 | D:6      | Reached ** piety under Vehumet
  7702 | D:6      | Noticed Eustachio
  7720 | D:6      | Killed Eustachio
  7936 | D:6      | Found an iron altar of Okawaru.
  7983 | D:6      | Found Turph's Antique Armour Emporium.
  7991 | D:6      | Bought a pair of glowing gloves for 255 gold pieces
  8600 | D:6      | Identified the ring "Listrur" {Ice Str+4}
  8843 | D:7      | Found a flagged portal.
  8893 | Bailey   | Entered a bailey
  8911 | Bailey   | Learned a level 3 spell: Stone Arrow
  8965 | Bailey   | Offered knowledge of Mephitic Cloud by Vehumet.
  8968 | Bailey   | Reached skill level 1 in Fighting
  9127 | Bailey   | Noticed a two-headed ogre
  9133 | Bailey   | Killed a two-headed ogre
  9134 | Bailey   | Reached XP level 10. HP: 75/77 MP: 13/17
  9136 | Bailey   | Reached skill level 5 in Spellcasting
  9463 | D:7      | Reached *** piety under Vehumet
 10045 | D:7      | Found a transporter.
 10210 | D:7      | Found a transporter.
 10213 | D:7      | Noticed a moth of wrath
 10214 | D:7      | Noticed kij's ghost (novice MiBe)
 10215 | D:7      | Noticed a six-headed hydra
 10885 | D:8      | Offered knowledge of Olgreb's Toxic Radiance by Vehumet.
 10991 | D:8      | Reached skill level 1 in Evocations
 11475 | D:9      | Found a transporter.
 11475 | D:9      | Noticed a two-headed ogre
 11486 | D:9      | Reached skill level 5 in Fighting
 11554 | D:9      | Noticed ripuliukko's ghost (novice DEEE)
 11554 | D:9      | Noticed a two-headed ogre
 11635 | D:9      | Reached XP level 11. HP: 88/88 MP: 16/20
 11639 | D:9      | Noticed a two-headed ogre
 12319 | D:9      | Killed a two-headed ogre
 12489 | D:9      | Noticed a two-headed ogre
 12489 | D:9      | Noticed a two-headed ogre
 12499 | D:9      | Identified the +4 dire flail of the Burning Seer {flame,
                  | *Corrode rC- Str+2 Int+10}
 12499 | D:9      | Identified the +12 dire flail "Otass" {venom, rElec rCorr
                  | MP-9 Str-5}
 12499 | D:9      | Noticed a two-headed ogre
 12536 | D:9      | Found Tastid's Antique Armour Shop.
 12544 | D:9      | Bought a pair of fine gloves for 237 gold pieces
 12544 | D:9      | Identified the +3 pair of gloves of Fashionability {Will-
                  | Str+7} (You bought it in a shop on level 9 of the Dungeon)
 12811 | D:9      | Found a glowing silver altar of Zin.
 12849 | D:9      | Found a transporter.
 12883 | D:10     | Entered Level 10 of the Dungeon
 12888 | D:10     | Noticed Gastronok
 12897 | D:10     | Killed Gastronok
 12908 | D:10     | Got Xyosk's Exposition on Horrible Apparitions
 13011 | D:10     | Found a staircase to the Lair.
 13028 | D:10     | Found Ejetuf's Antique Armour Shop.
 13063 | D:10     | Reached **** piety under Vehumet
 13082 | D:10     | Reached skill level 15 in Conjurations
 13678 | D:10     | Reached skill level 1 in Shields
 13864 | D:10     | Found a hide-covered altar of Uskayaw.
 13933 | Lair:1   | Entered Level 1 of the Lair of Beasts
 14064 | Lair:1   | Offered knowledge of Inner Flame by Vehumet.
 14071 | Lair:1   | Noticed a boulder beetle
 14236 | D:10     | Killed a boulder beetle
 14403 | Lair:1   | Reached XP level 12. HP: 101/101 MP: 22/22
 14754 | Lair:1   | Identified the +6 sling of Peagirui {speed, *Slow Str+8
                  | Int-4 Dex+6}
 15000 | Lair:1   | You fall into a shaft and drop 1 floor!
 15020 | Lair:2   | Reached skill level 5 in Dodging
 15161 | Lair:1   | Reached skill level 5 in Shields
 15828 | Lair:2   | Found a hole to the Spider Nest.
 16440 | Lair:2   | Noticed a death yak
 16441 | Lair:2   | Noticed a death yak
 16441 | Lair:2   | Noticed a death yak
 16453 | Lair:2   | Killed a death yak
 16710 | Lair:2   | Reached skill level 10 in Fighting
 16821 | Lair:2   | Noticed a catoblepas
 16837 | Lair:2   | Killed a catoblepas
 17026 | Lair:2   | Identified the +3 leather armour of Inference {rPois rF++
                  | Dex-5 SInv}
 17061 | Lair:2   | Noticed a seven-headed hydra
 17069 | Lair:2   | Killed a seven-headed hydra
 17140 | Lair:2   | Noticed a dire elephant
 17162 | Lair:2   | Found a runed translucent door.
 17262 | Lair:2   | Found a shimmering blue altar of Sif Muna.
 17515 | Lair:2   | Reached XP level 13. HP: 114/114 MP: 19/23
 17600 | Lair:2   | Identified the +2 hat of Servitude {rElec Dex+5}
 18299 | Lair:2   | Killed a dire elephant
 18847 | Lair:3   | Noticed Nergalle
 18958 | Lair:3   | Killed Nergalle
 19212 | Lair:3   | Found a staircase to the Shoals.
 21090 | Lair:4   | Found a runed translucent door.
 21259 | Lair:4   | Found a hide-covered altar of Uskayaw.
 22118 | Lair:5   | Entered Level 5 of the Lair of Beasts
 22206 | Lair:5   | Found a gate leading to a gauntlet.
 22215 | Gauntlet | Entered a Gauntlet
 22215 | Gauntlet | Found a transporter.
 22215 | Gauntlet | Found a transporter.
 22215 | Gauntlet | Found a runed translucent gate.
 22215 | Gauntlet | Found a runed translucent gate.
 22215 | Gauntlet | Found a runed translucent gate.
 22216 | Gauntlet | Found the +5 Storm Queen's Shield {shock, Fly rElec}
 22223 | Gauntlet | Found a transporter.
 22227 | Gauntlet | Found a transporter.
 22235 | Gauntlet | Found a transporter.
 22239 | Gauntlet | Found a transporter.
 22247 | Gauntlet | Found a transporter.
 22263 | Gauntlet | Found a transporter.
 22277 | Gauntlet | Found a transporter.
 22281 | Gauntlet | Found a transporter.
 22289 | Gauntlet | Found a transporter.
 22293 | Gauntlet | Found a transporter.
 22353 | Gauntlet | Identified the ring "Novocrei" {Wiz Will+}
 22543 | Gauntlet | Identified the +1 pair of gloves of the Salmon {rN+}
 22590 | Gauntlet | Identified the ring "Vufet" {AC+4 Slay+3}
 22747 | Gauntlet | Noticed a minotaur
 22758 | Gauntlet | Killed a minotaur
 22774 | Gauntlet | Got Ariull's Secrets of the Fulgent Cwm
 22776 | Gauntlet | Identified the +0 great mace of Ycuuruz {flame, rF+ Str+2}
 22854 | Lair:5   | Reached ***** piety under Vehumet
 23044 | Lair:5   | Offered knowledge of Starburst by Vehumet.
 23155 | Lair:4   | Reached skill level 1 in Earth Magic
 23442 | Lair:5   | Gained mutation: You have acidic saliva. [Yellow Draconian
                  | growth]
 23442 | Lair:5   | Reached XP level 14. HP: 80/126 MP: 25/25
 23649 | Lair:4   | Reached skill level 2 in Earth Magic
 23945 | Lair:5   | Reached skill level 3 in Earth Magic
 24335 | Lair:5   | Reached skill level 4 in Earth Magic
 24799 | Lair:5   | Reached skill level 5 in Earth Magic
 24826 | Lair:5   | Noticed Rupert
 24836 | Lair:5   | Killed Rupert
 25291 | Lair:5   | Reached skill level 6 in Earth Magic
 25651 | Lair:5   | Found a staircase to the Slime Pits.
 26018 | D:11     | Learned a level 8 spell: Lehudib's Crystal Spear
 26139 | D:11     | Identified a scroll of acquirement
 26139 | D:11     | Acquired a book of Annihilations
 26232 | D:11     | Found a staircase to the Orcish Mines.
 27005 | Orc:1    | Entered Level 1 of the Orcish Mines
 27005 | Orc:1    | Noticed an orc warlord
 27157 | D:12     | Reached skill level 7 in Earth Magic
 28169 | D:13     | Noticed Jorgrun
 28181 | D:13     | Killed Jorgrun
 28373 | D:13     | Reached skill level 8 in Earth Magic
 28677 | D:13     | Reached ****** piety under Vehumet
 28678 | D:13     | Reached XP level 15. HP: 132/132 MP: 28/28
 28732 | D:13     | Found a gate to the Vaults.
 29469 | D:14     | Offered knowledge of Iron Shot by Vehumet.
 29477 | D:14     | Learned a level 6 spell: Iron Shot
 29947 | D:15     | Entered Level 15 of the Dungeon
 30027 | D:15     | Reached skill level 10 in Shields
 30065 | D:14     | Reached skill level 9 in Earth Magic
 31067 | D:15     | Found a staircase to the Depths.
 31072 | Abyss:2  | Cast into level 2 of the Abyss (a wizard)
 31145 | D:15     | Escaped the Abyss
 31695 | D:11     | Reached skill level 10 in Earth Magic
 31945 | Orc:1    | Reached skill level 10 in Spellcasting
 32372 | D:9      | Bought the +2 shield of Resistance {rF++ rC++ Will++} for
                  | 1762 gold pieces
 32372 | D:9      | Found the +2 shield of Resistance {rF++ rC++ Will++}
 32443 | Orc:2    | Entered Level 2 of the Orcish Mines
 32443 | Orc:2    | Found a staircase to the Elven Halls.
 32443 | Orc:2    | Found Veydaof's Weapon Emporium.
 32482 | Orc:2    | Found a shimmering blue altar of Sif Muna.
 32502 | Orc:2    | Noticed Donald
 32527 | Orc:2    | Killed Donald
 32804 | Orc:2    | Found Zyogakk's Assorted Antiques.
 32939 | Orc:2    | Found Moitost's Armour Boutique.
 32940 | Orc:2    | Found Umiet's Jewellery Boutique.
 33265 | Orc:2    | Found Ymen's Armour Boutique.
 33530 | Orc:2    | Offered knowledge of Eringya's Noxious Bog by Vehumet.
 34445 | Orc:2    | Reached skill level 11 in Earth Magic
 34662 | Orc:2    | Found Ekoneth's Antique Weapon Shoppe.
 34667 | Orc:2    | Found Xiusetiwn's Distillery.
 34674 | Orc:2    | Found Hial Was's Jewellery Boutique.
 34676 | Orc:2    | Found Vieximits's Distillery.
 34880 | Spider:1 | Entered Level 1 of the Spider Nest
 35193 | Spider:1 | Found a frozen archway.
 35200 | IceCv    | Entered an ice cave
 35936 | IceCv    | Identified the +0 pair of boots "Anef" {Stlth+}
 36265 | IceCv    | Noticed a lich
 36332 | IceCv    | Offered knowledge of Ozocubu's Refrigeration by Vehumet.
 36530 | IceCv    | Found an ancient bone altar of Kikubaaqudgha.
 36541 | IceCv    | Reached XP level 16. HP: 141/141 MP: 16/30
 36591 | IceCv    | Killed a lich
 37314 | Spider:1 | Reached skill level 12 in Earth Magic
 39519 | Spider:2 | Offered knowledge of Lee's Rapid Deconstruction by Vehumet.
 40388 | Spider:2 | Noticed Louise
 40392 | Spider:2 | Reached skill level 13 in Earth Magic
 41070 | Spider:2 | Killed Louise
 43960 | Spider:3 | Offered knowledge of Spellforged Servitor by Vehumet.
 43969 | Spider:3 | Learned a level 7 spell: Spellforged Servitor
 44700 | Spider:3 | Reached XP level 17. HP: 151/151 MP: 21/32
 45034 | Spider:4 | Entered Level 4 of the Spider Nest
 45042 | Spider:4 | Reached skill level 14 in Earth Magic
 45621 | Shoals:1 | Entered Level 1 of the Shoals
 46468 | Shoals:1 | Noticed a kraken
 49437 | Shoals:3 | Found a runed translucent door.
 49439 | Shoals:3 | Noticed keni's ghost (journeyman DgFE)
 49575 | Shoals:3 | Reached skill level 15 in Earth Magic
 49773 | Shoals:3 | Found Nudo's Antique Weapon Shop.
 50324 | Shoals:3 | Offered knowledge of Conjure Ball Lightning by Vehumet.
 50578 | Shoals:4 | Entered Level 4 of the Shoals
 51020 | Shoals:4 | Found Goixymao's General Store.
 51175 | Shoals:4 | Identified the +8 scimitar of the Heavens {freeze, rElec
                  | Int+5}
 52389 | Shoals:4 | Identified the +3 lajatang "Xumegese" {venom, *Corrode
                  | Int+5}
 52411 | Shoals:4 | Got a barnacled rune of Zot
 52453 | Shoals:4 | Found Iricsihiz's Distillery.
 52454 | Shoals:4 | Found Juesaduh's General Store.
 52463 | Shoals:4 | Bought a potion of brilliance for 48 gold pieces
 52463 | Shoals:4 | Bought a potion of brilliance for 48 gold pieces
 53106 | Shoals:4 | Found Ceqit's Book Boutique.
 53159 | Shoals:4 | Reached skill level 16 in Earth Magic
 53725 | Elf:1    | Entered Level 1 of the Elven Halls
 54033 | Elf:1    | Reached XP level 18. HP: 159/159 MP: 34/34
 54074 | Elf:1    | Identified the +1 dire flail "Berhier" {venom, Dex+2}
 55314 | Elf:1    | Found Qainuwos's Magic Scroll Emporium.
 56141 | Elf:2    | Reached skill level 1 in Summonings
 56406 | Elf:2    | Found a runed translucent gate.
 56406 | Elf:2    | Found a runed translucent gate.
 56417 | Elf:2    | Found a runed translucent gate.
 56450 | Elf:2    | Found Igga's Overcharged Wands.
 57608 | Elf:2    | Reached skill level 17 in Earth Magic
 58289 | Elf:3    | Entered Level 3 of the Elven Halls
 58423 | Elf:3    | Found Byruoxt's Magic Scroll Shop.
 58680 | Elf:3    | Offered knowledge of Polar Vortex by Vehumet.
 58680 | Elf:3    | Offered knowledge of Maxwell's Capacitive Coupling by
                  | Vehumet.
 60005 | Elf:3    | Found Voyr's Jewellery Boutique.
 60008 | Elf:3    | Found Wof Tukh's Book Shoppe.
 60055 | Elf:3    | Found Asuimiu's Jewellery Boutique.
 60061 | Elf:3    | Identified the +6 great sword of Jesy {freeze, *Rage rPois
                  | Dex+2}
 60061 | Elf:3    | Identified the ring of Tueh {rF+ Dex+3 SInv}
 60293 | Elf:3    | Reached skill level 5 in Summonings
 60576 | Elf:3    | Reached skill level 18 in Earth Magic
 60836 | Elf:3    | Reached XP level 19. HP: 138/166 MP: 23/37
 60919 | Elf:3    | Identified the +7 hand axe "Uroh" {freeze, SInv}
 61098 | Elf:3    | Got the Information on Transmogrification
 61102 | Elf:3    | Got Xegriunank's Atlas of Frosty Conjuration
 61105 | Elf:3    | Got the Elucidation of the Fjord and Venin
 61128 | Elf:3    | Got the Precepts of Bloody Anthracomancy
 61134 | Elf:3    | Identified the staff of air "Durhelob" {rElec rF- rN++
                  | Dex-3 SInv}
 61577 | D:9      | Bought a runed scarf for 200 gold pieces
 61652 | D:6      | Bought a runed cloak for 255 gold pieces
 61803 | Elf:1    | Bought a scroll of enchant armour for 105 gold pieces
 62207 | Spider:4 | Learned a level 9 spell: Shatter
 62485 | Spider:4 | Found the +0 pair of fencer's gloves {Riposte Dex+3}
 63801 | Spider:4 | Identified the +2 hat of Feasting {rN+}
 63830 | Spider:4 | Got a gossamer rune of Zot
 64107 | Vaults:1 | Entered Level 1 of the Vaults
 64110 | Vaults:1 | Reached skill level 19 in Earth Magic
 64528 | Vaults:1 | Noticed Saint Roka
 64667 | Vaults:1 | Killed Saint Roka
 64834 | Vaults:1 | Reached skill level 15 in Spellcasting
 65641 | Vaults:1 | Reached skill level 20 in Earth Magic
 66280 | Vaults:1 | Reached XP level 20. HP: 174/174 MP: 30/39
 66717 | Vaults:2 | Noticed Xtahua
 66723 | Vaults:2 | Killed Xtahua
 67457 | Vaults:2 | Found Zoaps's Weapon Boutique.
 68197 | Vaults:3 | Found Cuegykh's Jewellery Boutique.
 68280 | Vaults:3 | Found Neoza's Magic Scroll Boutique.
 68288 | Vaults:3 | Bought a scroll of blinking for 127 gold pieces
 68317 | Vaults:3 | Noticed Sojobo
 68326 | Vaults:3 | Paralysed by an air elemental for 1 turns
 68331 | Vaults:3 | Paralysed by an air elemental for 1 turns
 68339 | Vaults:3 | Paralysed by an air elemental for 1 turns
 68342 | Vaults:3 | Found a crumbling gateway.
 68344 | Vaults:3 | Paralysed by an air elemental for 1 turns
 68347 | Desolati | Entered the Desolation of Salt
 68583 | Desolati | Reached skill level 21 in Earth Magic
 68884 | Desolati | Got the Guidebook on Coruscating Alteration
 68910 | Desolati | Identified the +1 hand axe of the Yoke {flame, rPois rC+
                  | Dex+2 Stlth+}
 69624 | Desolati | Identified the ring of Wiasmeexa {*Slow rC+ Dex+4 Slay+3}
 69825 | Desolati | Reached skill level 15 in Shields
 70030 | Vaults:3 | Paralysed by an air elemental for 1 turns
 70037 | Vaults:3 | Killed Sojobo
 70257 | Vaults:3 | Reached XP level 21. HP: 182/182 MP: 12/41
 70345 | Vaults:3 | Found a transporter.
 70370 | Vaults:3 | Found a transporter.
 70370 | Vaults:3 | Found Sohuko's General Store.
 70527 | Vaults:3 | Found Osigarcha's Jewellery Shop.
 70646 | Vaults:3 | Found a staircase to the Crypt.
 71592 | Vaults:4 | Reached skill level 15 in Fighting
 71841 | Vaults:4 | Reached skill level 22 in Earth Magic
 71857 | Vaults:4 | Found Coefutz's Antique Weapon Boutique.
 72086 | Vaults:4 | Noticed Bai Suzhen
 72092 | Vaults:4 | Killed Bai Suzhen
 72621 | Vaults:4 | Reached skill level 1 in Staves
 72785 | Vaults:5 | Entered Level 5 of the Vaults
 72812 | Vaults:5 | Reached XP level 22. HP: 148/194 MP: 37/42
 72831 | Vaults:5 | Noticed an ancient lich
 72833 | Vaults:5 | Killed an ancient lich
 73174 | Vaults:5 | Reached skill level 5 in Staves
 73371 | Vaults:5 | Got a silver rune of Zot
 73431 | Vaults:5 | Got the Almanac of the Congealing Compass
 73463 | Vaults:5 | Reached skill level 10 in Dodging
 73795 | Vaults:5 | Identified the +5 scale mail "Giruink" {rElec Will- Str+9
                  | Stlth-}
 73839 | Vaults:5 | Identified the staff of fire "Vagh" {*Corrode rF+ rC+ Will+
                  | SInv}
 74191 | Vaults:5 | Found the +3 pair of mountain boots {steadfast, rC+}
 74193 | Vaults:5 | Identified the staff of fire "Zogro" {rPois rF+ Str-4
                  | Int+3}
 74571 | Depths:1 | Entered Level 1 of the Depths
 74571 | Depths:1 | Found a one-way gateway to a ziggurat.
 74577 | Depths:1 | Gained mutation: Your body sometimes deteriorates upon
                  | taking damage. [a shining eye]
 74588 | Depths:1 | Noticed Asterion
 74593 | Depths:1 | Killed Asterion
 74647 | D:15     | Lost mutation: Your body sometimes deteriorates upon taking
                  | damage. [potion of mutation]
 74647 | D:15     | Gained mutation: You expend magic power (3 MP) to
                  | strengthen your wands. [potion of mutation]
 74647 | D:15     | Gained mutation: You are strong-willed. (Will+) [potion of
                  | mutation]
 74647 | D:15     | Gained mutation: You are resistant to electric shocks.
                  | (rElec) [potion of mutation]
 74647 | D:15     | Gained mutation: You have a somewhat thin skeletal
                  | structure. (Dex +2, Stealth+) [potion of mutation]
 75132 | Depths:1 | Reached skill level 23 in Earth Magic
 75186 | Depths:1 | Found a gateway to Hell.
 75392 | Depths:1 | Found a glowing golden altar of the Shining One.
 75603 | Depths:2 | Reached XP level 23. HP: 205/205 MP: 38/44
 75621 | Depths:2 | Found a one-way gate leading to the halls of Pandemonium.
 76513 | Depths:2 | Noticed a caustic shrike
 76602 | Depths:2 | Killed a caustic shrike
 76925 | Depths:3 | Reached skill level 5 in Evocations
 77867 | Depths:3 | Found a sparkling altar of Nemelex Xobeh.
 78031 | Depths:3 | Found a one-way gate to the infinite horrors of the Abyss.
 78301 | Depths:4 | Entered Level 4 of the Depths
 78416 | Depths:4 | Reached skill level 10 in Staves
 78736 | Depths:4 | Found a gate to the Realm of Zot.
 78983 | Depths:4 | Noticed a juggernaut
 78985 | Depths:4 | Killed a juggernaut
 79499 | Zot:1    | Entered Level 1 of the Realm of Zot
 79690 | Zot:1    | Identified the ring of Xom's Best Wishes {Ice rPois rCorr
                  | Str+2}
 79690 | Zot:1    | Noticed Josephina
 79703 | Zot:1    | Killed Josephina
 79710 | Zot:1    | Reached XP level 24. HP: 181/214 MP: 22/44
 79787 | Zot:1    | Noticed Calamarain's ghost (veteran GrMo)
 79790 | Zot:1    | Identified the +1 flail of Cesatou Foze {freeze, rElec
                  | rPois rN+ Will-}
 79791 | Zot:1    | Identified the staff of cold "Batrinn" {rC+ rN+ Int+2}
 79800 | Zot:1    | Found a transporter.
 79804 | Zot:1    | Identified the +3 cloak "Xyifol" {Rampage rF- Int+3}
 79805 | Zot:1    | Found a bloodstained altar of Trog.
 79805 | Zot:1    | Identified the +0 cloak "Immoatel" {Str+2 Dex+4}
 79816 | Zot:1    | Found a transporter.
 79816 | Zot:1    | Identified the ring "Cuduenn" {rElec rPois rN+ EV+5 Str-4}
 82396 | Zot:2    | Identified the ring "Eseam" {Wiz rCorr Int+2}
 82413 | Zot:2    | Noticed an orb of fire
 82422 | Zot:2    | Killed an orb of fire
 82732 | Zot:3    | Noticed a Killer Klown
 82736 | Zot:3    | Killed a Killer Klown
 83090 | Zot:3    | Found a transporter.
 83590 | Zot:3    | Reached skill level 24 in Earth Magic
 83964 | Zot:3    | Noticed a dread lich
 83965 | Zot:3    | Noticed Sebriys's ghost (legendary TrBe)
 85545 | Zot:5    | Entered Level 5 of the Realm of Zot
 86358 | Zot:5    | Noticed an ancient lich
 86371 | Zot:5    | Killed an ancient lich
 86372 | Zot:5    | Reached XP level 25. HP: 232/232 MP: 32/44
 86470 | Zot:5    | Noticed a Killer Klown
 86474 | Zot:5    | Noticed a Killer Klown
 86481 | Zot:5    | Killed a Killer Klown
 86487 | Zot:4    | Killed a Killer Klown
 86836 | Zot:5    | Noticed a dread lich
 86845 | Zot:5    | Killed a dread lich
 86846 | Zot:5    | Noticed an orb of fire
 86849 | Zot:5    | Killed an orb of fire
 87003 | Zot:5    | Noticed a Killer Klown
 87009 | Zot:5    | Killed a Killer Klown
 87045 | Zot:5    | Noticed an ancient lich
 87050 | Zot:5    | Killed an ancient lich
 87054 | Zot:5    | Noticed a dread lich
 87057 | Zot:5    | Noticed an orb of fire
 87057 | Zot:5    | Noticed a Killer Klown
 87059 | Zot:5    | Killed a dread lich
 87060 | Zot:5    | Noticed an ancient lich
 87078 | Zot:5    | Gained mutation: Potions are less effective at restoring
                  | your health. [an orb of fire]
 87082 | Zot:5    | Gained mutation: You are occasionally teleported next to
                  | monsters. [an orb of fire]
 87097 | Zot:5    | Killed an orb of fire
 87111 | Zot:4    | Killed an ancient lich
 87165 | Zot:4    | Lost mutation: You expend magic power (3 MP) to strengthen
                  | your wands. [potion of mutation]
 87165 | Zot:4    | Lost mutation: You are strong-willed. (Will+) [potion of
                  | mutation]
 87165 | Zot:4    | Lost mutation: You are occasionally teleported next to
                  | monsters. [potion of mutation]
 87165 | Zot:4    | Gained mutation: You expend magic power (3 MP) to
                  | strengthen your wands. [potion of mutation]
 87165 | Zot:4    | Gained mutation: You have hidden genetic potential. [potion
                  | of mutation]
 87323 | Zot:5    | Noticed an ancient lich
 87325 | Zot:5    | Killed an ancient lich
 87326 | Zot:5    | Killed a Killer Klown
 87327 | Zot:5    | Noticed an ancient lich
 87337 | Zot:5    | Killed an ancient lich
 87480 | Zot:5    | Got the Orb of Zot
 87498 | Zot:5    | Noticed Temesept the pandemonium lord
 87524 | Zot:5    | Killed Temesept the pandemonium lord
 87606 | Depths:4 | Noticed Gaimmaar the pandemonium lord
 87622 | Depths:4 | Killed Gaimmaar the pandemonium lord
 87997 | D:1      | Reached skill level 25 in Earth Magic
 88029 | D:$      | Escaped with the Orb!

Illustrated notes

Levels and vault maps discovered:
D:1:      dpeg_arrival_pond, layout_loops_ring, dreamdust_princess_bridge,
          minmay_vboxes
D:2:      layout_loops_cross, serial_shops, shop, uniq_natasha, uniq_robin
D:3:      minmay_inner_zag, layout_basic, amcnicky_mini_pool_small
D:4:      layout_loops_corners, grunt_gozag_breadcrumbs,
          mainiacjoe_overflow_alcove_1, minmay_temple_entry_mini_moons,
          minmay_increasing_density, uniq_duvessa, uniq_grinder
D:5:      layout_cave_pods, riverfiend_overflow_shadow_ancestor,
          mainiacjoe_overflow_big_doors, minivault_26, lightli_church_of_beogh
D:6:      layout_basic, okawaru_gym_becter, serial_shops,
          nicolae_shop_hallway_plus, uniq_eustachio
D:7:      layout_basic, gammafunk_ghost_berserking_beasts, enter_bailey_5,
          st_stairs_13
D:8:      layout_cave_pools, minmay_misc_feat_nine_boxes, st_stairs_4,
          grunt_ministairs_8
D:9:      layout_rooms, zin_statuary, serial_shops,
          nicolae_shop_pleasant_corner_grove, gammafunk_ghost_smash,
          special_room [special_room_bee]
D:10:     layout_cave_pools, nicolae_uskayaw_suspiria, lair_entry_dummy,
          serial_shops, nicolae_diamond_shop, uniq_gastronok
D:11:     layout_loops_ring, erik_orc_3
D:12:     layout_rooms
D:13:     layout_loops_ring, ximxim_vaults_locker_room, uniq_jorgrun
D:14:     layout_cave_pods, abandoned_shop
D:15:     hangedman_depths_entry_civil_slaughter, layout_loops_ring,
          hangedman_decor_riveting
Temple:   dshaligram_water_room_temple
Lair:1:   layout_misc_corridors, st_stairs_11
Lair:2:   gammafunk_lair_enchanted_lake, layout_regular_city,
          spider_nest_entry_rubble, lemuel_oklob_altar
Lair:3:   pond_and_an_island_with_a_cottage, layout_gridlike,
          elwin_shoals_entry_rocks, wad_woods_road_06, serial_bayou_shore_b,
          uniq_nergalle
Lair:4:   layout_long_grid, basic_altar, chequers_serial_rivers_micro_e,
          pf_torpor_hydra, lemuel_fruit_fields
Lair:5:   minmay_lair_end_frog_pond, layout_big_grid,
          minmay_slime_entry_jelly_boxes, gauntlet_entry_generic, uniq_rupert
Shoals:1: layout_shoals
Shoals:2: layout_shoals, nicolae_shoals_seven_spires
Shoals:3: layout_shoals, serial_shops, shop, gammafunk_ghost_grave
Shoals:4: shoals_end_hangedman, layout_shoals, serial_shops, shop, shop,
          nicolae_lakefront_shop, shop_fountains
Spider:1: layout_cave_pods, portal_ice_cave_entry_pillars_three
Spider:2: nicolae_spider_hilbert_zone_5 [nicolae_spider_hilbert_3_sides_1_open,
          nicolae_spider_hilbert_4_sides_1_open,
          nicolae_spider_hilbert_4_sides_1_open,
          nicolae_spider_hilbert_6_sides_1_open,
          nicolae_spider_hilbert_6_sides_1_open], nicolae_spider_checkerboard,
          uniq_louise
Spider:3: nicolae_spider_corner, hellmonk_spider_spawner
Spider:4: grunt_spider_rune_circles
Orc:1:    layout_caves, minmay_orc_keep
Orc:2:    st_orc_elflike, layout_diamond_mine, serial_shops, shop,
          nicolae_shop_back_alley_shop, shop, shop, shop, led_sif_book,
          uniq_donald
Elf:1:    eino_elf_arrival_shootout, layout_geoelf_grid, serial_shops,
          freezing_bzr, nicolae_shop_tiny_glass, minivault_28,
          nicolae_elf_stone_circles
Elf:2:    elven_hall_of_blades_hangedman_original
          [nicolae_blade_entry_pointy_end], layout_gridlike, fountainhead,
          nicolae_shop_overcharged_wands
Elf:3:    minmay_elf_hall_statues, layout_onion_city, serial_shops, shop,
          minmay_shop_grove
Vaults:1: nicolae_vaults_security_offices_6, vaults_room_octagon,
          nicolae_vaults_sightless_eye, nicolae_vaults_turnstiles,
          nicolae_vaults_hallways_thing, nicolae_vaults_more_shelving_2,
          nicolae_vaults_stepped_doors, hangedman_vaults_trim, serial_ice_m,
          grunt_vaults_funnel, nicolae_vaults_trapezoid_1,
          nicolae_vaults_layer_cake_slice, layout_vaults_maze_bifur,
          uniq_saint_roka
Vaults:2: dpeg_vaults_monster_box, v_misc_29, ontoclasm_vaults_misaligned,
          v_alt_pattern_5, nicolae_vaults_network_star,
          nicolae_vaults_little_squares_6, hangedman_vaults_stretched_pinwheel,
          nicolae_vaults_rhombus_5, nicolae_vaults_trapezoid_lopsided_1,
          layout_vaults_omnigrid, uniq_xtahua
Vaults:3: portal_desolation_entry_ruin, minmay_crypt_entry_simple_sparse,
          ontoclasm_vaults_ring_square, nicolae_vaults_disappearing_quadrants,
          nicolae_vaults_little_squares_6, vaults_room_grunt_arrival_ludios,
          v_misc_17, nicolae_vaults_network_s, nicolae_vaults_three_branches,
          nicolae_vaults_diamond_1, layout_vaults_big_room, serial_shops, shop,
          nicolae_shop_crystal, nicolae_shop_drivethru, shop, uniq_sojobo
Vaults:4: nicolae_vaults_apartment_1, st_octagons_1, v_misc_25,
          nicolae_vaults_trapezoid_lopsided_3, vaults_room_mumra_shop_pool,
          grunt_vaults_trifunnel, nicolae_vaults_more_shelving_1,
          vaults_room_pool, v_alt_pattern_3, layout_vaults_omnicross,
          serial_shops, uniq_bai_suzhen
Vaults:5
Depths:1: layout_basic, enter_ziggurat_d, serial_bayou_pond_c,
          pf_dread_powers_of_hell, tso_oasis_becter, grunt_megastairs_3,
          uniq_asterion
Depths:2: kennysheep_water_balloons, layout_cross, grunt_pan_entry_sceptre,
          hangedman_coc_ice_floe, roderic_lattice_octagonal_star,
          infiniplex_staircase_pool_2
Depths:3: grunt_twist_and_shout, layout_honeycomb, hellmouth_1, abyss_entry,
          nemelex_lonely_heart_becter
Depths:4: evilmike_zot_entry_argh, layout_gridville, hell_entry,
          corexii_corridor_pit
Zot:1:    gammafunk_mikee_crab_dinner, layout_gridlike,
          gammafunk_ghost_wrathful_warriors, drop_trap, lemuel_golem_globe,
          uniq_josephina
Zot:2:    layout_misc_corridors
Zot:3:    layout_cellular_growth, gammafunk_ghost_mausoleum
Zot:4:    layout_basic, lemuel_elevator
Zot:5:    layout_gridlike

Skill      XL: |  1  2  3  4  5  6  7  8  9 10 11 12 13 14 15 16 17 18 19 20 21 22 23 24 25 |
---------------+----------------------------------------------------------------------------+-----
Conjurations   | 5 6 7 8 11 12 13 15 | 15.8
Spellcasting   | 3 4 6 7 9 10 11 12 14 15 16 17 | 17.0
Translocations | 1 3 |  3.0
Hexes          | 2 4 |  4.0
Fighting       | 3 5 7 10 12 13 14 15 17 18 20 22 | 22.1
Evocations     | 2 3 4 7 8 |  8.0
Dodging        | 3 6 8 9 10 11 13 14 | 14.6
Shields        | 3 6 8 9 11 12 13 14 15 17 | 17.0
Earth Magic    | 1 8 11 13 16 18 20 21 22 23 24 25 | 25.0
Summonings     | 5 6 |  6.0
Staves         | 3 7 11 12 | 12.0
Stealth        | |  1.7

Action                     |  1- 3 |  4- 6 |  7- 9 | 10-12 | 13-15 | 16-18 | 19-21 | 22-24 | 25-27 || total
---------------------------+-------+-------+-------+-------+-------+-------+-------+-------+-------++-------
  Melee: Unarmed           |     1 |       |       |       |       |       |       |       |       ||     1
         Dagger            |       |    63 |    23 |    67 |   254 |   143 |       |       |       ||   550
         Tailslap          |       |     2 |     1 |     7 |    82 |    40 |    18 |    18 |    12 ||   180
         Punch             |       |       |       |     1 |     1 |       |       |       |       ||     2
         Bite              |       |       |       |       |    47 |    41 |    11 |     8 |    13 ||   120
         Staff             |       |       |       |       |     6 |    65 |    58 |    57 |    39 ||   225
   Cast: Magic Dart        |    81 |    62 |   179 |       |       |       |       |       |       ||   322
         Searing Ray       |     2 |    12 |    46 |     4 |     1 |       |       |       |       ||    65
         Iskenderun's Myst |       |       |    17 |    31 |    74 |    69 |     1 |     1 |       ||   193
         Stone Arrow       |       |       |    16 |   290 |   506 |    59 |    32 |     2 |       ||   905
         Fulminant Prism   |       |       |     4 |    32 |    17 |     4 |     1 |       |       ||    58
         Iron Shot         |       |       |       |       |   221 |   755 |   448 |   405 |    45 ||  1874
         Spellforged Servi |       |       |       |       |       |    17 |    62 |    11 |     9 ||    99
         Shatter           |       |       |       |       |       |       |    50 |   169 |    19 ||   238
         Lehudib's Crystal |       |       |       |       |       |       |       |       |    30 ||    30
Ability: Breathe Acid      |       |       |     1 |     2 |     2 |     9 |     4 |       |       ||    18
  Evoke: Wand              |       |       |       |     6 |     5 |    24 |       |       |       ||    35
         Box of beasts     |       |       |       |       |     1 |     3 |       |     1 |       ||     5
         Phantom mirror    |       |       |       |       |       |       |       |     1 |       ||     1
    Use: Scroll            |       |     3 |     2 |     4 |    21 |    20 |     8 |     8 |     1 ||    67
         Potion            |       |     2 |     4 |     2 |     8 |    17 |     7 |    11 |     3 ||    54
   Stab: Distracted        |       |       |       |       |       |       |     1 |       |       ||     1
 Armour: Skin              |     2 |    62 |    60 |    95 |   146 |   217 |    97 |    52 |    16 ||   747
  Dodge: Dodged            |     2 |    43 |    55 |   158 |   301 |   463 |   168 |   148 |    41 ||  1379
  Block: Kite shield       |       |       |       |       |   322 |   534 |   259 |   122 |    47 ||  1284
